AoeStats
← Lukogro

Arena

505997513Analyzed
1v1 RM · 21d ago on Sep 12, 2026· 53m 4s· 2 players
Game mode
Random Map
Map size
Tiny (2 player)
Population
200
Speed
Normal
Resources
Standard
Victory
Conquest
Starting age
Dark Age
Ending age
Imperial Age
RankedLock teamsTeams togetherTeam positionsShared explorationLock speedFull tech treeHidden civsTurbo modeCheats
Victory
Defeat
🇦🇷 Burgundians · Argentina
1262
+17
🇺🇸 Saracens · United States
1276
-17
Lukogro
3:24 Double-Bit Axe
10:44 Feudal Age
15:39 Castle Age
13:54 Bow Saw
13:25 Horse Collar
27:51 Stone Mining
27:51 Gold Mining
31:33 Imperial Age
29:28 Scale Mail Armor
30:11 Wheelbarrow
29:38 Heavy Plow
29:56 Squires
30:17 Loom
31:15 Masonry
31:23 Chain Mail Armor
31:18 Forging
31:16 Padded Archer Armor
31:11 Town Watch
32:10 Arson
34:17 Chemistry
34:07 Husbandry
35:54 Fletching
36:52 Scale Barding Armor
38:22 Cavalier
41:06 Light Cavalry
42:38 Iron Casting
45:23 Hussar
48:55 Crop Rotation
49:02 Gold Shaft Mining
49:02 Stone Shaft Mining
52:07 Conscription
52:23 Chain Barding Armor
Kups
11:31 Feudal Age
15:04 Castle Age
14:15 Double-Bit Axe
14:53 Horse Collar
16:13 Bow Saw
21:42 Light Cavalry
25:16 Wheelbarrow
25:45 Heavy Plow
30:18 Imperial Age
28:13 Stone Mining
28:14 Gold Mining
28:12 Loom
28:42 Hand Cart
28:13 Town Watch
29:03 Scale Barding Armor
29:59 Forging
29:35 Treadmill Crane
30:29 Chain Barding Armor
30:14 Husbandry
31:29 Iron Casting
33:11 Plate Barding Armor
32:47 Bloodlines
32:48 Fletching
34:14 Blast Furnace
33:43 Conscription
33:24 Elite Mameluke
35:38 Onager
39:33 Bodkin Arrow
40:01 Ballistics
40:42 Chemistry
42:20 Padded Archer Armor
42:43 Murder Holes
43:14 Thumb Ring
44:30 Elite Skirmisher
48:22 Bimaristan
52:35 Hoardings
Connection lost

Rejoining the realm…

Still unreachable

The connection could not be restored.

Session expired

The server has moved on; the page needs a fresh start.